 Dungeon Crawl Stone Soup version 0.17-a0-1301-ga863c44 (webtiles) character file.

5135 wotan the Fighter (level 10, -5/89 (91) HPs)
             Began as a Ghoul Monk on June 7, 2015.
             Was a High Priest of Makhleb.
             Slain by an orc warrior
             ... wielding a +0 halberd
              (17 damage)
             ... on level 8 of the Dungeon.
             The game lasted 00:56:02 (8115 turns).

wotan the Fighter (Ghoul Monk)                      Turns: 8115, Time: 00:56:03

HP:   -5/89 (91)    AC: 13    Str: 16    XL:     10   Next: 58%
MP:   13/13         EV: 10    Int:  6    God:    Makhleb [*****.]
Gold: 450           SH:  0    Dex: 13    Spells: 0 memorised, 9 levels left

rFire  . . .     SeeInvis +       - Unarmed
rCold  + . .     Clarity  .     h - +1 chain mail
rNeg   + + +     SustAt   .     (no shield)
rPois  ∞         Gourm    .     q - +1 helmet
rElec  .         Spirit   .     (no cloak)
rCorr  .         Warding  .     (no gloves)
rMut   .         Stasis   .     (no boots)
MR     .....                    (no amulet)
Stlth  ..........               (no ring)
                                p - ring of see invisible

@: rotting, not resistant to hostile enchantments, extremely unstealthy
A: rotting body, claws 1, carnivore 3, cold resistance 1, negative energy
resistance 3, slow healing 1, torment resistance, unbreathing
a: Minor Destruction, Lesser Servant of Makhleb, Major Destruction, Greater
Servant of Makhleb, Renounce Religion


You were on level 8 of the Dungeon.
You worshipped Makhleb.
Makhleb was extremely pleased with you.
You were not hungry.

You visited 2 branches of the dungeon, and saw 9 of its levels.

You collected 450 gold pieces.

Inventory:

Hand weapons
 k - a +0 blowgun
Missiles
 c - 65 poisoned needles
 f - 15 tomahawks (quivered)
Armour
 h - a +1 chain mail (worn)
 i - a +0 ring mail
 n - the +1 leather armour "Xiciroesar" {-Tele Regen+ rCorr Stlth+}
   (You found it on level 4 of the Dungeon)

   It prevents most forms of teleportation.
   It increases your rate of regeneration.
   It protects you from acid and corrosion.
   It makes you more stealthy.
 q - a +1 helmet (worn)
Jewellery
 p - a ring of see invisible (left claw)
Magical devices
 s - a wand of polymorph (8)
 u - a wand of flame (24)
 w - a wand of confusion (12)
Scrolls
 e - 3 scrolls of enchant weapon
 j - 7 scrolls of remove curse
 o - 2 scrolls of fog
 r - 3 scrolls of identify
 v - a scroll of amnesia
Potions
 d - 2 potions of cancellation
 l - a potion of flight
Comestibles
 a - 9 slices of pizza
 b - 7 meat rations
 g - 4 beef jerkies


   Skills:
 - Level 9.1 Fighting
 - Level 6.2 Armour
 + Level 7.9 Dodging
 - Level 2.1 Stealth
 - Level 7.7 Unarmed Combat
 - Level 5.7 Invocations


You had 9 spell levels left.
You didn't know any spells.

Dungeon Overview and Level Annotations

Branches:
Dungeon (8/15)             Temple (1/1) D:4            Lair (0/8) D:8

Altars:
Ashenzari
Cheibriados
Dithmenos
Elyvilon
Fedhas
Gozag
Kikubaaqudgha
Makhleb
Nemelex Xobeh
Okawaru
Qazlal
Ru
Sif Muna
Trog
Vehumet
Xom
Yredelemnul
Zin
The Shining One

Annotations:
D:5 Pikel
D:6 4thArraOfDagon's ghost, experienced HOAK


Innate Abilities, Weirdness & Mutations

Your body is rotting away.
You thrive on raw meat.
You are immune to poison.
You have sharp fingernails.
You are carnivorous and can eat meat at any time.
Your flesh is cold resistant.
You are immune to negative energy.
You heal slowly when monsters are visible.
You are immune to unholy pain and torment.
You can survive without breathing.


Message History

A demon appears!
It doesn't seem very happy.
You feel slightly more hungry.
The orc warrior hits you but does no damage.
Read which item? (? for menu, Esc to quit)
Okay, then.
Drink which item? (? for menu, Esc to quit)
It was a potion of poison.
You feel slightly nauseous. The orange demon closely misses you. x2
You completely miss the orc warrior.
The orc warrior is moderately wounded.
The orc warrior hits you with a halberd!
* * * LOW HITPOINT WARNING * * *
You claw the orc warrior!
The orc warrior is severely wounded.
The orange demon stings you but does no damage.
The orange demon hits you.
* * * LOW HITPOINT WARNING * * *
The orc warrior hits you with a halberd!
You die...

...........(...###
#........
.########......##
#........
###(....#
##....... ##...##
#####... #...#
##.. #..## ##.
#o.# #. #o## ##
#@# # #4# # #.# #
### # # #


You could see an orange demon, an orc warrior (bleeding) and an orc.

Vanquished Creatures
  An orc sorcerer (D:8)
  A human (D:7)
  A yak (D:7)
  A wyvern (D:8)
  A hungry ghost (D:8)
  4 wargs (D:8)
  5 orc warriors
  2 sky beasts (D:7)
  3 ogres
  2 ice beasts (D:5)
  A phantom (D:8)
  2 centaurs (D:8)
  Blork the orc (D:5)
  3 giant frogs
  A gnoll sergeant (D:7)
  2 scorpions
  2 giant frog zombies
  2 crimson imps (D:7)
  2 centaur zombies (D:6)
  A jelly (D:8)
  5 orc wizards
  3 hounds
  A gnoll shaman (D:7)
  4 orc priests
  8 worker ants
  3 sheep (D:7)
  A hound skeleton (D:5)
  12 gnolls
  7 adders
  2 river rats (D:8)
  4 shadow imps
  2 worms
  8 giant geckos
  27 orcs
  6 giant cockroaches
  8 goblins
  15 hobgoblins
  6 jackals
  2 ball pythons
  19 bats
  2 giant gecko skeletons
  A giant gecko zombie (D:7)
  7 giant newts
  13 kobolds
  2 quokkas (D:2)
  34 rats
240 creatures vanquished.

Vanquished Creatures (collateral kills)
  An orc knight (D:8)
  A deep elf fighter (D:8)
  5 wargs (D:8)
  An orc warrior (D:8)
  A phantom (D:8)
  An ogre (D:8)
  4 orcs (D:8)
  A quokka (D:8)
  A fungus (D:8)
16 creatures vanquished.

Vanquished Creatures (others)
  A plant (D:8)
1 creature vanquished.

Grand Total: 257 creatures vanquished

Notes
Turn   | Place    | Note
--------------------------------------------------------------
     0 | D:1      | wotan the Ghoul Monk began the quest for the Orb.
     0 | D:1      | Reached XP level 1. HP: 19/19 MP: 0/0
   118 | D:1      | Reached skill level 5 in Unarmed Combat
   118 | D:1      | Reached XP level 2. HP: 16/26 MP: 1/1
   467 | D:1      | Reached XP level 3. HP: 31/31 MP: 2/2
   874 | D:2      | Found a sparkling altar of Nemelex Xobeh.
   905 | D:2      | Reached skill level 6 in Unarmed Combat
   905 | D:2      | Reached XP level 4. HP: 34/36 MP: 3/3
   999 | D:2      | You fall through a shaft for 2 floors!
  1428 | D:3      | Reached XP level 5. HP: 42/45 MP: 4/4
  1586 | D:3      | Reached skill level 7 in Unarmed Combat
  1991 | D:4      | Got a heavily runed leather armour
  2002 | D:4      | Identified the cursed +1 leather armour "Xiciroesar" {-Tele Regen+ rCorr Stlth+} (You found it on level 4 of the Dungeon)
  2238 | D:4      | Found a staircase to the Ecumenical Temple.
  2341 | Temple   | Entered the Ecumenical Temple
  2517 | Temple   | Became a worshipper of Makhleb the Destroyer
  2517 | Temple   | Acquired Makhleb's first power
  2517 | Temple   | Acquired Makhleb's second power
  2841 | D:4      | Noticed an ice beast
  2855 | D:4      | HP: 1/43 [ice beast (6)]
  2916 | D:5      | Entered Level 5 of the Dungeon
  3249 | D:5      | Reached XP level 6. HP: 51/51 MP: 5/5
  3267 | D:5      | Noticed an ice beast
  3335 | D:5      | Reached skill level 1 in Invocations
  3435 | D:5      | Noticed an ice beast
  3446 | D:5      | Killed an ice beast
  3528 | D:5      | Noticed a slave
  3742 | D:5      | Killed an ice beast
  3793 | D:5      | Reached XP level 7. HP: 52/57 MP: 9/9
  3810 | D:5      | Noticed Blork the orc
  3827 | D:5      | Killed Blork the orc
  3892 | D:5      | Noticed a slave
  3894 | D:5      | Noticed Pikel
  3927 | D:5      | Noticed a slave
  3972 | D:6      | Reached skill level 5 in Invocations
  4022 | D:6      | Acquired Makhleb's third power
  4115 | D:6      | Noticed 4thArraOfDagon's ghost (experienced HOAK)
  4205 | D:7      | Reached skill level 1 in Armour
  4299 | D:7      | Found a stormy altar of Qazlal.
  4354 | D:7      | Reached XP level 8. HP: 58/63 MP: 11/11
  4524 | D:7      | Reached skill level 5 in Armour
  4722 | D:7      | Acquired Makhleb's fourth power
  5147 | D:7      | Noticed a human
  5151 | D:7      | Noticed a yak
  5176 | D:7      | Killed a human
  5189 | D:7      | Reached XP level 9. HP: 37/73 MP: 12/12
  5198 | D:7      | Reached skill level 5 in Fighting
  5549 | D:7      | Killed a yak
  6516 | D:8      | Acquired Makhleb's fifth power
  6754 | D:8      | Reached skill level 8 in Fighting
  6861 | D:8      | Found a shattered altar of Ashenzari.
  6998 | D:8      | Reached skill level 9 in Fighting
  7025 | D:8      | HP: 3/82 [warg (11)]
  7159 | D:8      | Reached XP level 10. HP: 69/91 MP: 13/13
  7212 | D:8      | Reached skill level 5 in Dodging
  7527 | D:8      | Noticed an orc sorcerer
  7569 | D:8      | Killed an orc sorcerer
  7600 | D:8      | Noticed an orc knight
  7651 | D:8      | Killed an orc knight
  7784 | D:8      | Found a shadowy altar of Dithmenos.
  8041 | D:8      | Found a staircase to the Lair.
  8115 | D:8      | Slain by an orc warrior

Vault maps used:
D:1:      dpeg_arrival_arbitrary_c, minmay_misc_feat_enclosed,
          serial_bayou_lagoon_a
D:2:      nemelex_xobeh_ov_fountains_minmay
D:4:      minmay_temple_entry_mist
D:5:      kennysheep_steamy, first_bread, uniq_blork_the_orc, uniq_pikel
D:7:      grunt_livestock, nicolae_qazlal_general_emergency
D:8:      lemuel_castle_with_subvaults, nicolae_overflow_crystal_walls,
          grunt_dithmenos_shadows, grunt_lair_entry_elf_guard_hut
Temple:   minmay_crystal_snake_temple_18

Action                   |  1- 3 |  4- 6 |  7- 9 | 10-12 || total
-------------------------+-------+-------+-------+-------++-------
Melee: Unarmed           |   100 |   199 |   514 |   131 ||   944
 Fire: Blowgun           |       |     8 |    19 |     5 ||    32
Invok: Lesser Servant of |       |       |       |     5 ||     5
  Use: Scroll            |       |    14 |     5 |       ||    19
       Potion            |       |     2 |     1 |     1 ||     4
 Stab: Sleeping          |     3 |     8 |    10 |       ||    21
       Distracted        |       |     1 |       |     1 ||     2
  Eat: Chunk             |     7 |    12 |    23 |     7 ||    49
